 Dungeon Crawl Stone Soup version 0.22.1-6-g1668fe2 (webtiles) character file.

84 redwoodhats the Ruffian (level 4, -8/34 HPs)
             Began as a Formicid Warper on Jan 28, 2019.
             Killed by divine providence
             ... invoked by an orc priest
              (14 damage)
             ... on level 2 of the Dungeon.
             The game lasted 00:09:39 (1587 turns).

redwoodhats the Ruffian (Formicid Warper)           Turns: 1587, Time: 00:09:40

Health: -8/34      AC:  5    Str: 16    XL:     4   Next: 72%
Magic:  7/7        EV: 14    Int: 13    God:
Gold:   103        SH:  0    Dex: 10    Spells: 7/7 levels left

rFire    . . .     SeeInvis +     - Unarmed
rCold    . . .     Gourm    .   (no shield)
rNeg     . . .     Faith    .   a - +0 leather armour
rPois    .         Spirit   .   (helmet unavailable)
rElec    .         Reflect  .   (no cloak)
rCorr    .         Harm     .   (no gloves)
MR       .....                  (no boots)
Stlth    +.........             (no amulet)
HPRegen  0.11/turn              (no ring)
MPRegen  0.10/turn              (no ring)

@: no status effects
A: permanent stasis, dig shafts and tunnels, four strong arms, antennae 3,
repulsion field 1, molten scales 1
a: Dig, Shaft Self


You were on level 2 of the Dungeon.
You were not hungry.

You visited 1 branch of the dungeon, and saw 2 of its levels.

You collected 103 gold pieces.

Inventory:

Missiles
 d - a tomahawk of dispersal (quivered)
 h - 3 tomahawks
Armour
 a - a +0 leather armour (worn)
Jewellery
 n - a +3 ring of evasion {unknown}
Scrolls
 c - a scroll of blinking
 g - a scroll of teleportation {unknown}
 j - a scroll of identify
 k - a scroll of random uselessness {unknown}
 m - a scroll of amnesia
Potions
 b - a potion of haste {unknown}
 e - 3 potions of heal wounds
 i - a potion of flight {unknown}
 l - a potion of ambrosia {unknown}
Comestibles
 f - 3 rations


   Skills:
 + Level 2.7 Fighting
 + Level 1.1 Throwing
 + Level 1.7 Armour
 + Level 2.4 Dodging
 + Level 0.3 Stealth
 + Level 3.2 Unarmed Combat
 + Level 2.4 Spellcasting
   Level 2.6 Translocations


You had 7 spell levels left.
You didn't know any spells.
Your spell library contained the following spells:

 Spells                   Type           Power        Failure   Level  Hunger
 Shroud of Golubria       Chrm/Tloc      #.........   26%         2    ###....
 Gell's Gravitas          Tloc           #.........   30%         3    ###....
 Lesser Beckoning         Tloc           #.........   30%         3    ###....
 Teleport Other           Tloc           #.......     30%         3    ###....
 Passage of Golubria      Tloc           N/A          69%         4    #####..
 Blink                    Tloc           Unusable     N/A         2    N/A

Dungeon Overview and Level Annotations

Branches:
Dungeon (2/15)

Altars:


Innate Abilities, Weirdness & Mutations

You cannot be hasted, slowed, berserked, paralysed or teleported.
You can dig through walls and to a lower floor.
Your four strong arms can wield two-handed weapons with a shield.
You have a pair of large antennae on your head. (SInv)
You are surrounded by a mild repulsion field. (EV +2)
You are partially covered in molten scales. (AC +2)


Message History

The orc misses you.
You hit the orc.
You kill the orc!
You hit the orc priest but do no damage.
The orc priest is lightly wounded.
The orc priest closely misses you.
You closely miss the orc priest.
The orc priest is lightly wounded.
The orc priest closely misses you.
You barely miss the orc priest.
The orc priest is lightly wounded.
The orc priest hits you but does no damage.
You hit the orc priest.
The orc priest is heavily wounded.
The orc priest hits you but does no damage.
You punch the orc priest!
The orc priest is almost dead.
The orc priest invokes the aid of Beogh against you.
Beogh smites you!
You die...

#............[..........{o#.....#
#.#......................{#.##..#
#.#.##.######<....≈...≈..##.##..#
#.#.##.# #..<........###.##..#
#.#.##.# #.#..#########..##..#
..#.##.### #.##...........###..#
###......# #.##.#####...........
#.####.# #.##o# #.########## #.#
#.# #.##@#####.# #.# #)#
#.##.......#
###.####.####.########.#
).............# #.#
########.###### #.# #.# #.# #.#
#)# #.# ####.# #.# #....#


You could see an orc priest.

Vanquished Creatures
  An orc wizard (D:2)
  An adder (D:2)
  A dart slug (D:1)
  2 orcs (D:2)
  6 bats
  2 giant cockroaches
  5 goblins
  7 hobgoblins
  3 jackals (D:2)
  2 ball pythons
  5 frilled lizards
  7 kobolds
  3 rats
45 creatures vanquished.

Notes
Turn   | Place    | Note
-------+----------+-------------------------------------------
     0 | D:1      | redwoodhats the Formicid Warper began the quest for the
                  | Orb.
     0 | D:1      | Reached XP level 1. HP: 16/16 MP: 3/3
   178 | D:1      | Reached XP level 2. HP: 21/23 MP: 5/5
   543 | D:1      | Reached XP level 3. HP: 24/28 MP: 6/6
   754 | D:1      | Gained mutation: You are surrounded by a mild repulsion
                  | field. (EV +2) [potion of mutation]
   754 | D:1      | Gained mutation: You are partially covered in molten
                  | scales. (AC +2) [potion of mutation]
   814 | D:1      | You fall through a shaft!
  1415 | D:2      | Reached skill level 3 in Unarmed Combat
  1415 | D:2      | Reached XP level 4. HP: 28/34 MP: 7/7
  1587 | D:2      | Killed from afar by an orc priest

Skill      XL: |  1  2  3 |
---------------+----------+-----
Dodging        | 2 |  2.4
Unarmed Combat | 3 |  3.2
Fighting       | |  2.7
Throwing       | |  1.1
Armour         | |  1.7
Stealth        | |  0.3
Spellcasting   | |  2.4
Translocations | |  2.6

Action                   |  1- 3 |  4- 6 || total
-------------------------+-------+-------++-------
Melee: Unarmed           |   176 |    38 ||   214
Throw: Tomahawk          |     1 |     3 ||     4
 Abil: Dig               |    14 |     1 ||    15
  Use: Scroll            |     2 |       ||     2
       Potion            |     2 |       ||     2
  Eat: Ration            |     1 |       ||     1
Armor: Leather armour    |    89 |    15 ||   104
Dodge: Dodged            |   156 |    35 ||   191
